 Dungeon Crawl Stone Soup version 0.31-a0-865-g3d5d91748a (webtiles) character file.

Game seed: 7255961919967381178

197 avis the Ducker (level 5, -1/24 HPs)
             Began as a Felid Artificer on Oct 10, 2023.
             Slain by a phantom (6 damage)
             ... on level 4 of the Dungeon.
             The game lasted 00:17:11 (3318 turns).

avis the Ducker (Felid Artificer)                   Turns: 3318, Time: 00:17:12

Health: -1/24      AC:  1    Str: 10    XL:     5   Next: 46%
Magic:  6/6        EV: 18    Int: 13    God:
Gold:   121        SH:  0    Dex: 16    Spells: 4/4 levels left
                                        Lives:  0   Deaths: 2

rFire   . .          .
                       - Unarmed
rCold   . . .        (shield unavailable)
rNeg    . . .        (body armour unavailable)
rPois   .            (helmet unavailable)
rElec   .            (cloak unavailable)
rCorr   .            (gloves unavailable)
SInv    +            (boots unavailable)
Will    .....        (no amulet)
Stlth   ++           (no ring)
HPRegen 0.24/turn    (no ring)
MPRegen 0.10/turn

%: no passive effects
@: quick
A: very small, claws 1, fangs 3, see invisible, speed 1, shaggy fur 1, stealthy
paws, no weapons or thrown items, no armour, multi-lived
a: no special abilities


You were on level 4 of the Dungeon.
You visited 1 branch of the dungeon, and saw 4 of its levels.

You collected 121 gold pieces.

Inventory:

Wands
 a - a wand of flame (15) (quivered)
 b - a wand of charming (15)
 c - a wand of iceblast (5)
 j - a wand of roots (4)
Scrolls
 d - 2 scrolls of enchant armour {unknown}
 i - a scroll of vulnerability {unknown}
 k - a scroll of teleportation {unknown}
 n - 2 scrolls of identify {unknown}
Potions
 f - a potion of haste {unknown}
 g - a potion of magic
 h - a potion of cancellation {unknown}
 l - a potion of curing {unknown}
 m - a potion of heal wounds {unknown}


   Skills:
 - Level 3.0 Fighting
 - Level 4.0 Dodging
 - Level 3.0 Stealth
 - Level 3.0 Unarmed Combat
 * Level 3.8 Evocations


You had 4 spell levels left.
You didn't know any spells.
Your spell library contained the following spells:

 Spells                   Type           Power      Damage    Failure   Level
 Blink                    Tloc           0%         N/A       43%         2
 Manifold Assault         Tloc           0%         N/A       97%         4


Dungeon Overview and Level Annotations

Branches:
Dungeon (4/15)
 Temple: D:4-7

Altars:
Nemelex Xobeh
Okawaru
Qazlal
Uskayaw

Shops:
D:3 =


Innate Abilities, Weirdness & Mutations

You have sharp claws.
You have razor-sharp teeth.
You have supernaturally acute eyesight. (SInv)
You cover ground quickly. (Speed+)
You are covered in fur. (AC +1)
Your paws help you pounce on unaware monsters.
You are incapable of wielding weapons or throwing items.
You cannot wear armour.
You gain extra lives every three experience levels.


Message History

* * * LOW HITPOINT WARNING * * *
The giant cockroach attacks as it pursues you!
The giant cockroach misses you. The phantom attacks as it pursues you!
The phantom closely misses you.
You scratch the phantom but do no damage.
The giant cockroach completely misses you.
The phantom misses you.
You scratch the giant cockroach.
The giant cockroach is almost dead.
The giant cockroach closely misses you. The phantom misses you.
You scratch the phantom.
The phantom is lightly damaged.
The giant cockroach completely misses you.
The ball python closely misses you. The ball python barely misses you.
The orc wizard hits you with a +0 dagger.
* * * LOW HITPOINT WARNING * * *
The phantom completely misses you. The giant cockroach misses you.
You scratch the phantom.
The phantom is lightly damaged.
You feel less confused. The ball python closely misses you.
The ball python barely misses you.
The orc wizard points at you and mumbles some strange words.
You easily resist.
The giant cockroach bites you.
* * * LOW HITPOINT WARNING * * *
The ball python completely misses you. The ball python closely misses you.
The phantom hits you but does no damage.
You scratch the phantom. You bite the phantom.
The phantom is lightly damaged.
The orc wizard closely misses you. The giant cockroach closely misses you.
The ball python misses you. The ball python barely misses you.
You barely miss the phantom.
The phantom is lightly damaged.
The phantom barely misses you.
The giant cockroach bites you but does no damage.
The orc wizard closely misses you. The ball python barely misses you.
The ball python completely misses you.
You claw the phantom!
The phantom is heavily damaged.
The phantom hits you.
You die...

#†o....# ##..##...........
#.o....###......####.#....
#............##.# ##.<..##
#......#####.##.###.......
#<.....#####.##..#......##
#......##............#....
#.....)##...>.............
#########oW...............
#@Bl.........##.##
#.S.............##
#..........#.#####
..............# #
###..###.#.##..# # ....#
..#..#..## ##
#..##.####.....###. ....
#......#... .##..........


You could see a phantom, an iguana, an orc wizard, a giant cockroach and a ball
python.

Vanquished Creatures
  A sky beast (D:4)
  3 adders
  A worm (D:2)
  4 orcs (D:3)
  3 ball pythons
  7 bats
  8 endoplasms
  4 giant cockroaches
  7 goblins
  7 hobgoblins
  2 quokkas
  A frilled lizard (D:1)
  8 kobolds
  9 rats
65 creatures vanquished.

Notes
Turn   | Place    | Note
-------+----------+-------------------------------------------
     0 | D:1      | avis the Felid Artificer began the quest for the Orb.
     0 | D:1      | Reached XP level 1. HP: 9/9 MP: 2/2
    12 | D:1      | Found a faded altar of an unknown god.
    47 | D:1      | Reached skill level 1 in Unarmed Combat
   103 | D:1      | Reached XP level 2. HP: 8/13 MP: 3/3
   707 | D:1      | Reached XP level 3. HP: 16/16 MP: 4/4
  1776 | D:2      | Reached XP level 4. HP: 21/21 MP: 5/5
  2061 | D:3      | Found Nouraagi's Jewellery Emporium.
  2232 | D:3      | Noticed a +0 hand axe
  2233 | D:3      | Noticed a +0 dagger
  2237 | D:3      | Found a hide-covered altar of Uskayaw.
  2258 | D:3      | Found a sparkling altar of Nemelex Xobeh.
  2449 | D:3      | Found a stormy altar of Qazlal.
  2686 | D:3      | Found a faded altar of an unknown god.
  2691 | D:3      | Found an iron altar of Okawaru.
  2784 | D:4      | Noticed a sky beast
  2791 | D:4      | Killed a sky beast
  2792 | D:4      | Reached skill level 4 in Dodging
  2792 | D:4      | Reached XP level 5. HP: 24/24 MP: 6/6
  2846 | D:4      | Noticed a phantom
  3235 | D:3      | Slain by an orc
  3288 | D:4      | Slain by an orc wizard
  3318 | D:4      | Slain by a phantom

Illustrated notes

Levels and vault maps discovered:
D:1:      lemuel_arrival_broad_hall, layout_rooms, ebering_ecumenical_altar_rust
D:2:      layout_basic, st_stairs_3
D:3:      layout_loops_cross, lemuel_coloured_pillars_altar,
          mainiacjoe_overflow_small_starburst,
          nicolae_overflow_ecumenical_swirl, dancing_weapons_uskayaw,
          serial_shops, shop
D:4:      layout_rooms, minmay_temple_entry_junction_2, minmay_checkerbox

Skill      XL: |  1  2  3  4 |
---------------+-------------+-----
Unarmed Combat | 1 2 3 |  3.0
Fighting       | 2 3 |  3.0
Stealth        | 2 3 |  3.0
Dodging        | 4 |  4.0
Evocations     | |  3.8

Action                     |  1- 3 |  4- 6 || total
---------------------------+-------+-------++-------
  Melee: Unarmed           |   130 |    68 ||   198
         Bite              |    12 |     3 ||    15
         Punch             |     2 |     1 ||     3
  Evoke: Wand              |       |     2 ||     2
    Use: Potion            |       |     2 ||     2
   Stab: Sleeping          |     5 |     1 ||     6
 Armour: Skin              |    33 |    46 ||    79
  Dodge: Dodged            |    69 |    96 ||   165

Table legend: (Time is in decaauts)
 A = Elapsed time spent in this place.
 B = Non-inter-level travel time spent in this place.
 C = Inter-level travel time spent in this place.
 D = Time resting spent in this place.
 E = Time spent auto-exploring this place.
 F = Levels seen in this place.
 G = Mean time per level.
                   A        B        C        D        E       F      G
               +--------+--------+--------+--------+--------+-----+--------+
         Total |   2789 |   2385 |    404 |    294 |   1114 |   4 |  697.2 |
       Dungeon |   2789 |   2385 |    404 |    294 |   1114 |   4 |  697.2 |
               +--------+--------+--------+--------+--------+-----+--------+

Top non-repeatable levels by time:
     D:3: 938 daAuts
     D:2: 888 daAuts
     D:1: 815 daAuts
     D:4: 147 daAuts
